Map: Cuenca desértica

Players

MrFercho - Winner!

  • Race: Zerg Zerg
  • Spawn Location: 5:00

tigro

  • Race: Terran Terran
  • Spawn Location: 11:00

VOD

Have the link to the VOD?

Description

Time

  • Played on: April 10, 2020, 9:31 p.m.
  • Length: 32:50
Show
View Real Time Build Order
Export as new Build Order

MrFercho Zerg - Winner!

Build Orders: Pool First 

Get SALT Encoding   

  12  0:06  Drone  
  13  0:13  Overlord  
  13  0:19  Drone  
  14  0:24  Extractor  
  14  0:26  Drone  
  14  0:38  Drone  
  15  0:47  Drone  
  16  0:55  Drone  
  17  1:06  Drone  
  18  1:14  Spawning Pool, Drone  
  18  1:25  Drone  
  19  1:37  Drone  
  20  1:51  Hatchery  
  19  1:59  Drone x2  
  21  2:04  Metabolic Boost  
  21  2:15  Evolution Chamber  
  20  2:32  Zergling x4  
  20  2:34  Overlord  
  22  2:42  Zerg Melee Weapons Level 1  
  22  2:59  Zergling x2  
  22  3:00  Zergling x2  
  24  3:08  Zergling x2  
  25  3:14  Drone  
  25  3:18  Lair  
  26  3:22  Burrow  
  21  4:08  Drone x3  
  24  4:20  Extractor, Drone x3  
  26  4:26  Queen  
  28  4:33  Queen  
  30  4:45  Infestation Pit  
  30  4:51  Hydralisk Den  
  28  4:53  Drone x2  
  28  4:54  Drone  
  28  4:55  Drone  
  28  4:56  Drone x2  
  34  5:07  Extractor  
  33  5:11  Drone  
  34  5:46  Drone x2  
  36  5:50  Overlord  
  36  5:52  Overlord x2  
  36  5:55  Overlord  
  36  6:00  Grooved Spines  
  36  6:16  Drone x4  
  36  6:17  Drone  
  41  6:39  Hydralisk x3  
  47  6:57  Extractor  
  47  6:59  Zergling x8  
  50  7:11  Muscular Augments  
  50  7:15  Zerg Ground Armor Level 1  
  50  7:24  Drone x3  
  53  7:43  Hatchery  
  52  7:57  Drone x2  
  52  7:58  Drone x3  
  57  8:00  Hatchery  
  56  8:10  Spire  
  55  8:26  Nydus Network  
  54  8:31  Roach Warren  
  53  8:43  Baneling Nest, Lurker Den  
  51  8:50  Hive  
  51  9:02  Overlord x2  
  51  9:03  Zergling x2  
  51  9:04  Zergling x4  
  54  9:28  Zergling x2  
  54  9:29  Zergling x10  
  58  10:01  Pneumatized Carapace  
  52  10:22  Adrenal Glands  
  52  10:25  Zerg Ground Armor Level 2  
  42  11:06  Drone x2  
  42  11:07  Drone  
  45  11:14  Overlord x2  
  45  11:15  Overlord  
  45  11:16  Roach x3  
  45  11:17  Hydralisk x3  
  57  11:45  Greater Spire  
  57  11:49  Pathogen Glands  
  57  12:45  Neural Parasite  
  46  13:18  Drone x8  
  46  13:19  Drone  
  53  13:34  Adaptive Talons  
  53  13:36  Zerg Flyer Weapons Level 1  
  53  13:42  Zerg Melee Weapons Level 2  
  53  13:54  Mutalisk x3  
  53  13:55  Mutalisk x3  
  65  14:04  Unknown  
  65  14:05  Overlord x3  
  65  14:06  Drone x5  
  65  14:07  Drone  
  71  14:20  Extractor  
  71  14:21  Extractor  
  69  14:26  Extractor  
  69  14:31  Seismic Spines, Extractor  
  67  15:08  Nydus Network  
  66  15:17  Ultralisk Cavern  
  65  15:28  Glial Reconstitution  
  65  15:30  Centrifical Hooks  
  65  15:31  Zerg Flyer Armor Level 1  
  65  15:43  Drone  
  65  15:44  Drone x8  
  74  15:59  Zerg Missile Weapons Level 1  
  62  16:47  Tunneling Claws  
  62  16:49  Zergling x12  
  68  17:46  Ultralisk x2  
  68  17:48  Hydralisk x4  
  68  17:49  Roach  
  68  17:50  Roach x2  
  94  17:53  Zerg Ground Armor Level 3  
  94  17:55  Chitinous Plating  
  94  17:57  Zerg Flyer Weapons Level 2  
  94  18:28  Drone x6  
  94  18:29  Drone x3  
  103  18:34  Overseer  
  103  18:55  Hatchery  
  103  18:56  Hatchery  
  101  19:04  Hatchery  
  101  19:09  Hatchery  
  99  19:13  Anabolic Synthesis  
  99  19:22  Hatchery  
  98  19:24  Hatchery  
  88  19:40  Corruptor x5  
  88  19:41  Corruptor x4  
  94  20:13  Zerg Flyer Armor Level 2  
  94  20:30  Zerg Melee Weapons Level 3  
  94  20:34  Overlord x2  
  94  20:35  Overlord  
  94  20:36  Overlord  
  94  20:37  Overlord x2  
  94  20:40  Zergling x20, Extractor  
  94  20:41  Zergling x6, Extractor x2  
  104  21:00  Nydus Canal  
  104  21:16  Nydus Canal  
  104  21:47  Nydus Canal  
  60  23:06  Zerg Missile Weapons Level 2, Roach x6  
  60  23:07  Ultralisk x3  
  60  23:08  Ultralisk x3  
  60  23:11  Corruptor x11  
  60  23:12  Corruptor x4  
  138  23:20  Baneling  
  138  23:21  Baneling x14  
  138  23:22  Baneling x3  
  138  23:23  Baneling  
  138  24:04  Extractor  
  138  24:05  Baneling x6  
  138  24:06  Baneling  
  127  24:44  Zerg Flyer Weapons Level 3  
  126  24:54  Hydralisk  
  126  24:55  Hydralisk x4  
  126  24:56  Hydralisk x2  
  126  24:57  Overlord  
  126  24:58  Overlord  
  126  24:59  Hydralisk x3  
  138  25:01  Roach x3  
  138  25:02  Roach x2  
  138  25:04  Roach x2  
  138  25:05  Roach  
  138  25:06  Roach x3  
  138  25:07  Hydralisk x2, Roach x2  
  174  25:17  Zergling x6  
  174  25:18  Corruptor x2  
  174  25:20  Hydralisk  
  183  25:23  Zergling x6  
  186  25:33  Brood Lord  
  188  25:38  Brood Lord  
  190  25:49  Overseer  
  190  26:41  Zerg Missile Weapons Level 3  
  190  26:56  Brood Lord  
  190  26:57  Brood Lord  
  190  26:59  Brood Lord  
  190  27:00  Brood Lord  
  198  27:04  Corruptor  
  200  27:17  Nydus Canal  
  200  27:21  Zerg Flyer Armor Level 3  
  124  28:41  Zergling x8  
  124  28:42  Roach x2  
  124  28:43  Roach x3  
  132  28:54  Hydralisk x2  
  116  29:43  Nydus Canal  
Show
View Real Time Build Order
Export as new Build Order

tigro Terran 

Build Orders:  

Get SALT Encoding   

  12  0:03  SCV  
  13  0:20  Supply Depot, SCV  
  14  0:32  SCV  
  15  0:44  SCV  
  16  0:52  Barracks  
  16  0:59  Refinery  
  16  1:01  SCV  
  17  1:13  Refinery, SCV  
  18  1:25  SCV  
  19  1:26  Supply Depot  
  19  1:37  SCV  
  19  1:39  Marine  
  21  1:57  Barracks, Marine  
  22  2:11  SCV  
  22  2:15  Marine  
  24  2:23  SCV  
  25  2:33  Marine  
  25  2:35  SCV  
  27  2:45  Barracks Tech Lab  
  27  2:47  SCV  
  27  2:51  Marine  
  29  2:56  Engineering Bay  
  29  3:01  Orbital Command  
  29  3:08  Marauder  
  31  3:26  Terran Infantry Weapons Level 1  
  31  3:29  Combat Shield  
  31  3:38  Marine  
  31  3:39  Marauder  
  34  3:45  Supply Depot  
  32  3:56  Marine  
  32  4:00  Marauder  
  35  4:14  Marine  
  36  4:21  Marine  
  37  4:37  Barracks Tech Lab  
  37  4:39  Marine  
  38  4:48  Concussive Shells  
  38  4:57  Marauder  
  40  5:19  Marauder x2  
  40  5:20  Terran Infantry Armor Level 1  
  44  5:31  Stimpack  
  44  5:40  Marauder, Marine  
  47  5:55  Command Center  
  47  6:40  Missile Turret  
  47  7:03  Factory  
  49  7:08  Marauder  
  49  7:09  Command Center  
  49  7:11  Marine  
  49  7:15  Hi-Sec Auto Tracking  
  50  7:20  Planetary Fortress  
  50  7:29  Marine  
  53  7:30  Marauder  
  53  7:31  Refinery  
  53  7:47  Marine  
  56  7:51  Marauder  
  56  7:58  Missile Turret  
  56  8:00  Factory Tech Lab  
  56  8:05  Marine  
  57  8:12  Neosteel Armor  
  59  8:13  Marauder  
  59  8:21  Infernal Pre-Igniter  
  59  8:23  Marine  
  62  8:34  Marauder  
  62  8:48  Armory, Planetary Fortress  
  62  8:54  SCV  
  63  9:04  Supply Depot  
  63  9:06  SCV  
  64  9:18  SCV  
  65  9:30  SCV  
  66  9:40  Mag-Field Accelerator  
  66  9:41  Thor, Missile Turret  
  66  9:42  SCV  
  66  9:44  Terran Ship Weapons Level 1  
  73  9:50  SCV  
  74  10:02  SCV  
  75  10:14  SCV  
  75  10:20  Starport  
  76  10:23  Thor  
  76  10:27  SCV  
  74  10:39  SCV  
  57  10:51  SCV  
  52  11:03  Medivac, SCV  
  55  11:07  Siege Tank  
  58  11:15  SCV  
  59  11:27  SCV  
  60  11:33  Medivac  
  60  11:38  Terran Vehicle Weapons Level 1  
  60  11:39  Siege Tank  
  66  11:40  SCV  
  66  11:54  SCV  
  67  12:02  Missile Turret  
  67  12:05  Refinery  
  67  12:06  SCV  
  68  12:18  SCV  
  69  12:30  SCV  
  70  12:42  SCV  
  71  12:47  Refinery  
  71  12:54  SCV  
  72  13:06  SCV  
  73  13:18  SCV  
  74  13:23  Missile Turret  
  74  13:33  Terran Vehicle And Ship Armor Level 1  
  74  14:07  Starport Tech Lab  
  74  14:35  Fusion Core  
  74  14:39  Refinery  
  74  14:53  SCV  
  75  15:05  SCV  
  76  15:09  Siege Tank  
  79  15:17  SCV  
  80  15:23  Battlecruiser  
  80  15:27  Supply Depot  
  86  15:30  SCV  
  87  15:41  Siege Tank  
  87  15:42  SCV  
  91  16:13  Siege Tank  
  94  16:28  Battlecruiser  
  98  17:09  Supply Depot  
  98  17:30  SCV  
  98  17:33  Supply Depot  
  99  17:43  SCV  
  100  17:51  Weapon Refit  
  100  17:54  Battlecruiser, Siege Tank  
  100  17:57  Terran Ship Weapons Level 2  
  109  18:02  Terran Infantry Weapons Level 2  
  109  18:31  Missile Turret  
  109  18:40  Siege Tank, SCV  
  113  18:52  SCV  
  114  19:04  SCV  
  114  19:31  Rapid Reignition System  
  112  19:52  Marauder  
  114  19:54  Marine  
  114  19:58  Battlecruiser  
  121  20:12  Marine  
  121  20:13  Marauder, Terran Vehicle Weapons Level 2  
  124  20:17  Terran Infantry Armor Level 2  
  124  20:26  Missile Turret  
  124  20:27  Advanced Ballistics  
  124  20:30  Marine  
  125  20:46  Command Center  
  125  21:18  Supply Depot  
  125  21:33  Missile Turret  
  125  21:40  Marine, Battlecruiser  
  132  21:56  Missile Turret  
  132  21:58  Marauder, Marine  
  132  22:20  Marauder  
  133  22:29  Terran Vehicle And Ship Armor Level 2  
  126  22:41  Marauder  
  122  22:50  Factory Tech Lab  
  122  23:04  Planetary Fortress  
  122  23:15  Missile Turret  
  122  23:24  Supply Depot  
  122  23:32  Battlecruiser  
  128  23:51  Missile Turret  
  128  24:03  Refinery  
  128  24:06  SCV  
  129  24:18  SCV  
  127  24:26  Missile Turret  
  127  24:30  SCV  
  128  24:36  Battlecruiser  
  134  24:42  SCV  
  135  24:51  Factory  
  135  24:54  SCV  
  135  24:56  Starport  
  136  25:40  Battlecruiser  
  143  25:54  SCV  
  143  26:02  Factory Tech Lab  
  143  26:04  Starport Tech Lab  
  143  26:06  SCV  
  143  26:08  Drilling Claws  
  144  26:15  Corvid Reactor  
  144  26:26  Missile Turret  
  144  26:42  Command Center  
  144  26:45  Battlecruiser  
  150  27:12  Missile Turret  
  150  27:15  Missile Turret  
  150  27:19  Missile Turret  
  150  27:23  Battlecruiser  
  150  27:26  Smart Servos  
  103  28:27  Battlecruiser  
  35  29:32  Battlecruiser  
  37  30:06  Thor  
  37  30:36  Viking  
  39  30:52  Planetary Fortress  
  39  31:06  Viking  
  23  31:30  Engineering Bay  
  12  32:05  Supply Depot  
Tags
 
Matchup
TvZ
Opening
Pool First
Replay Pack
MrFercho
Spawn Locations
Cross Positions
Add a new tag
Caveats
  • Supply blocks, unpowered buildings, or Contaminate may cause inaccurate times.
  • Supply counts are checked every 10 seconds.